 Dungeon Crawl Stone Soup version 0.14-a0-30-gf0b6e91 (webtiles) character file.

12429 Sachiko the Grappler (level 11, 0/102 HPs)
             Began as a Troll Monk on Sept 27, 2013.
             Succumbed to a black mamba's poison
             ... on Level 6 of the Lair of Beasts.
             The game lasted 00:33:26 (7665 turns).

Sachiko the Grappler (Troll Monk)                   Turns: 7665, Time: 00:33:26

HP   0/102       AC  9     Str 21      XL: 11   Next: 55%
MP   9/12        EV 14     Int  8      God:
Gold 551         SH  0     Dex 14      Spells:  1 memorised,  9 levels left

Res.Fire  : . . .   See Invis. : .     - Unarmed
Res.Cold  : + . .   Warding    : .   n - +0 mottled dragon armour
Life Prot.: . . .   Conserve   : .   (shield restricted)
Res.Poison: .       Res.Corr.  : .   (helmet restricted)
Res.Elec. : .       Clarity    : .   (no cloak)
Sust.Abil.: . .     Spirit.Shd : +   (gloves unavailable)
Res.Mut.  : .       Stasis     : .   (boots unavailable)
Res.Rott. : .       Flight     : .   d - amulet of guardian spirit
Gourmand  : +                        y - ring of magical power
                                     j - +1 ring of dexterity

@: non-regenerating, mildly poisoned, badly diseased, somewhat resistant to
hostile enchantments, unstealthy
A: unfitting armour, claws 3, cold resistance 1, fast metabolism 3, gourmand,
regeneration 2, saprovore 2, tough skin 2, AC +1
a: no special abilities


You were on level 6 of the Lair of Beasts.
You were completely stuffed.

You visited 3 branches of the dungeon, and saw 16 of its levels.
You also visited: Sewer.

You collected 551 gold pieces.

Inventory:

Missiles
 l - 4 large rocks (quivered)
Armour
 a - a +0 robe
 n - a +0 mottled dragon armour (worn)
Magical devices
 k - a wand of cold (9)
 o - a wand of digging (15) {unknown}
 r - a wand of teleportation (3)
 x - a wand of flame (8)
Comestibles
 b - 4 meat rations
 c - an apple
 h - 11 bread rations
 m - 3 chunks of polar bear flesh
 q - an apricot
 w - 3 pears
 A - 3 beef jerkies
 B - 8 cheeses
Scrolls
 e - 2 scrolls of blinking
 g - a scroll of noise
 i - 6 scrolls of identify
 t - 2 scrolls of enchant weapon II
 u - 4 scrolls of remove curse
 v - a scroll of teleportation
 C - a scroll of fog
Jewellery
 d - an amulet of guardian spirit (around neck)
 f - an uncursed ring of hunger
 j - a +1 ring of dexterity (left claw)
 y - a ring of magical power (right claw)
Potions
 p - a potion of restore abilities
Books
 s - a book of Hinderance

   Spells                             Type                      Level
   *Confusing Touch                   Hexes                        1
   Slow                               Hexes                        2
   Confuse                            Hexes                        3
   Petrify                            Transmutation/Earth          4
   Leda's Liquefaction                Hexes/Earth                  4
   Metabolic Englaciation             Hexes/Ice                    6
Miscellaneous
 D - a bottled efreet


   Skills:
 + Level 6.3 Fighting
 + Level 9.0 Dodging
 - Level 1.1 Stealth
 * Level 13.9 Unarmed Combat
 - Level 0.2 Evocations


You had 9 spell levels left.
You knew the following spells:

 Your Spells              Type           Power        Failure   Level  Hunger
a - Confusing Touch       Hex            #.........   43%         1    ##.....


Dungeon Overview and Level Annotations

Branches:
Dungeon (8/27)             Temple (1/1) D:4             Orc (0/4) D:6
   Lair (7/8) D:8           Snake (0/5) Lair:6
  Swamp: Lair:3-6    Shoals: Lair:3-6    Spider: Lair:3-6     Slime: Lair:6-8

Altars:
Ashenzari
Cheibriados
Elyvilon
Fedhas
Kikubaaqudgha
Makhleb
Nemelex Xobeh
Okawaru
Sif Muna
Trog
Vehumet
Xom
Yredelemnul
Zin
the Shining One

Shops:
D:5 *


Innate Abilities, Weirdness & Mutations

You are too large for most types of armour.
You have claws for hands.
Your metabolism is lightning-fast.
You like to eat raw meat.
You heal very quickly.
You can eat rotten meat.
You are covered in fur (AC +1).
You have very tough skin (AC +2).
Your flesh is cold resistant.


Message History

You start resting.
* * * LOW HITPOINT WARNING * * *
You feel sick.
You start resting.
* * * LOW HITPOINT WARNING * * *
You feel sick.
You start resting.
* * * LOW HITPOINT WARNING * * *
You feel sick.
You start resting.
* * * LOW HITPOINT WARNING * * *
You feel sick.
You start resting.
* * * LOW HITPOINT WARNING * * *
You feel sick.
You feel a little better.
Drink which item? (? for menu, Esc to quit)
Okay, then.
You start resting.
You die...

##..........................#..
###...................#.#.....
#...............PP..###.....
###.....#....P.#....##.....#
#...#####...P.......#.....
##...######..........#.....
#...f##...#................
#.......................... ###
#.........@%.........#.....
#.######....##.##................
..P...#ff...####...###....f....f.
PPPP.........#.......#.........ff
≈≈≈P.........#.......#....#......
≈≈≈P......................##.....
≈≈≈PP............>........##.....
≈≈≈P......................###..#.
PPPP.........#.......#...##.....#


There were no monsters in sight!

Vanquished Creatures
  Pikel (D:7)
  A griffon (Lair:2)
  6 elephants
  2 black mambas
  4 spiny frogs
  A polar bear (Lair:7)
  2 komodo dragons
  4 blink frogs (Lair:4)
  A basilisk (Lair:7)
  7 yaks
  A hippogriff (Lair:6)
  A hog (D:7)
  4 wolves
  A human (D:7)
  An ice beast (D:5)
  4 porcupines
  A black bear (D:5)
  2 ogres
  2 nagas (Lair:6)
  An orc warrior (D:8)
  A centaur (D:6)
  3 crocodiles
  A slave (D:7)
  3 water moccasins
  Sigmund (D:3)
  2 giant frogs
  3 giant slugs
  5 big kobolds (Sewer)
  5 agate snails
  5 wights (D:7)
  A killer bee (D:7)
  A crimson imp (D:5)
  2 jellies
  A centaur zombie (D:7)
  A goliath beetle (D:6)
  3 hounds
  A big fish (D:4)
  3 orc priests
  An iguana (Lair:2)
  2 orc wizards
  3 worker ants (D:6)
  2 scorpions (D:7)
  2 sheep (D:7)
  Jessica (D:2)
  A hound zombie (D:8)
  10 adders
  2 giant centipedes
  3 green rats (Sewer)
  An inept feature mimic (D:6)
  A giant mite (Lair:2)
  5 worms
  An adder skeleton (D:7)
  4 grey rats (Sewer)
  A scorpion zombie (D:7)
  2 giant eyeballs
  4 giant geckos
  3 oozes (Sewer)
  20 orcs
  A bat zombie (D:5)
  6 giant cockroaches
  9 goblins
  10 hobgoblins
  10 jackals
  7 ball pythons (Sewer)
  11 bats
  14 giant newts
  A goblin zombie (D:5)
  A hobgoblin skeleton (D:6)
  11 kobolds
  A kobold skeleton (D:6)
  An orc skeleton (D:7)
  4 quokkas
  18 rats
  A ballistomycete (D:8)
264 creatures vanquished.

Vanquished Creatures (others)
  A slave (D:7)
  2 killer bees (D:7)
  A worm (D:7)
  A giant spore (D:8)
5 creatures vanquished.

Grand Total: 269 creatures vanquished

Notes
Turn   | Place    | Note
--------------------------------------------------------------
     0 | D:1      | Sachiko, the Troll Monk, began the quest for the Orb.
     0 | D:1      | Reached XP level 1. HP: 20/20 MP: 0/0
   101 | D:1      | Reached XP level 2. HP: 23/28 MP: 0/0
   525 | D:1      | Reached XP level 3. HP: 35/35 MP: 1/1
   687 | D:2      | Noticed Jessica
   694 | D:2      | Killed Jessica
   865 | D:2      | Reached skill level 5 in Unarmed Combat
   988 | D:2      | Found a shimmering altar of Xom.
   988 | D:2      | Found a radiant altar of Vehumet.
  1020 | D:2      | Reached XP level 4. HP: 44/44 MP: 1/1
  1856 | D:3      | Noticed Sigmund
  1892 | D:3      | Killed Sigmund
  1892 | D:3      | Reached XP level 5. HP: 13/50 MP: 1/1
  1897 | D:3      | Gained mutation: Your flesh is cold resistant. [potion of beneficial mutation]
  2067 | D:3      | Found a deep blue altar of Sif Muna.
  2231 | D:4      | Reached skill level 6 in Unarmed Combat
  2278 | D:4      | Found a glowing drain.
  2292 | Sewer    | Entered a sewer
  2348 | Sewer    | Reached XP level 6. HP: 55/59 MP: 2/2
  2530 | Sewer    | Reached XP level 7. HP: 66/66 MP: 2/2
  2624 | Sewer    | Reached skill level 7 in Unarmed Combat
  3043 | D:4      | Found a staircase to the Ecumenical Temple.
  3086 | Temple   | Entered the Ecumenical Temple
  3204 | D:5      | Entered Level 5 of the Dungeon
  3204 | D:5      | Found Tuusuny's General Store.
  3277 | D:5      | Reached skill level 5 in Dodging
  3277 | D:5      | Reached skill level 8 in Unarmed Combat
  3304 | D:5      | Reached XP level 8. HP: 75/75 MP: 2/2
  3817 | D:6      | Found a blossoming altar of Fedhas.
  4090 | D:6      | Found a staircase to the Orcish Mines.
  4299 | D:7      | Paralysed by a potion of paralysis for 6 turns
  4413 | D:7      | Learned a level 1 spell: Confusing Touch
  4462 | D:7      | Reached skill level 9 in Unarmed Combat
  4656 | D:7      | Paralysed by a giant eyeball for 3 turns
  4830 | D:7      | Noticed Pikel
  4840 | D:7      | Killed Pikel
  4840 | D:7      | Reached XP level 9. HP: 54/83 MP: 3/3
  4911 | D:7      | Reached skill level 10 in Unarmed Combat
  5576 | D:8      | Noticed an elephant
  5578 | D:8      | Noticed an elephant
  5579 | D:8      | Noticed an elephant
  5579 | D:8      | Found a staircase to the Lair.
  5601 | D:8      | Killed an elephant
  5601 | D:8      | Reached skill level 11 in Unarmed Combat
  5606 | D:8      | Killed an elephant
  5606 | D:8      | Reached skill level 5 in Fighting
  5608 | D:8      | Killed an elephant
  5608 | D:8      | Reached XP level 10. HP: 57/93 MP: 3/3
  5686 | Lair:1   | Entered Level 1 of the Lair of Beasts
  5712 | Lair:2   | Noticed a griffon
  5744 | Lair:2   | Killed a griffon
  5884 | Lair:2   | Reached skill level 12 in Unarmed Combat
  6091 | Lair:4   | Noticed a black mamba
  6098 | Lair:4   | Killed a black mamba
  6294 | Lair:6   | Reached skill level 13 in Unarmed Combat
  6310 | Lair:6   | Reached XP level 11. HP: 31/101 MP: 3/3
  6558 | Lair:6   | Found a staircase to the Snake Pit.
  6619 | Lair:6   | Noticed an elephant
  6621 | Lair:6   | Noticed an elephant
  6622 | Lair:6   | Noticed an elephant
  6849 | Lair:5   | Noticed an eight-headed hydra
  7009 | Lair:6   | Killed an elephant
  7013 | Lair:6   | Killed an elephant
  7020 | Lair:6   | Killed an elephant
  7657 | Lair:6   | HP: 5/102 [poisoned by a black mamba]
  7662 | Lair:6   | HP: 2/102 [poisoned by a black mamba]
  7665 | Lair:6   | Succumbed to a black mamba's poison

Action                   |  1- 3 |  4- 6 |  7- 9 | 10-12 || total
-------------------------+-------+-------+-------+-------++-------
Melee: Unarmed           |    73 |   165 |   320 |   268 ||   826
Throw: Large rock        |       |       |     2 |       ||     2
 Cast: Confusing Touch   |       |       |     2 |       ||     2
Evoke: Wand              |       |       |     3 |     6 ||     9
  Use: Scroll            |     3 |     3 |    12 |     3 ||    21
       Potion            |     1 |     9 |     6 |     4 ||    20
 Stab: Sleeping          |     1 |       |     2 |     1 ||     4
